 Dungeon Crawl Stone Soup version 0.23-a0-38-g6d804a8 (webtiles) character file.

90 inmateoo the Magician (level 4, -7/33 HPs)
             Began as a Hill Orc Wizard on Aug 5, 2018.
             Mangled by a hornet (12 damage)
             ... on level 3 of the Dungeon.
             The game lasted 00:04:34 (3187 turns).

inmateoo the Magician (Hill Orc Wizard)             Turns: 3187, Time: 00:04:35

Health: -7/33      AC:  5    Str:  9    XL:     4   Next: 56%
Magic:  2/8        EV: 12    Int: 24    God:
Gold:   76         SH:  0    Dex:  9    Spells: 4/9 levels left

rFire    + . .     SeeInvis .   m - +1 whip (elec)
rCold    + . .     Gourm    .   (no shield)
rNeg     . . .     Faith    .   a - +0 robe
rPois    +         Spirit   .   b - +0 hat
rElec    +         Reflect  .   c - scarf {cloud immunity}
rCorr    +         Harm     .   h - +2 pair of gloves
MR       .....                  (no boots)
Stlth    ++........             (no amulet)
HPRegen  0.11/turn              (no ring)
MPRegen  0.11/turn              (no ring)

@: brilliant, lethally poisoned (-7 -> -21), resistant, flying, slowed, very
slow
A: no striking features
a: no special abilities


You were on level 3 of the Dungeon.
You were not hungry.

You visited 1 branch of the dungeon, and saw 3 of its levels.

You collected 76 gold pieces.

Inventory:

Hand Weapons
 m - a +1 whip of electrocution (weapon)
Armour
 a - a +0 robe (worn)
 b - a +0 hat (worn)
 c - a scarf of cloud immunity (worn)
 h - a +2 pair of gloves (worn)
 j - a cursed +0 scale mail
Scrolls
 f - 3 scrolls of teleportation {unknown}
 k - a scroll of remove curse {unknown}
 n - a scroll of noise {unknown}
 p - 2 scrolls of enchant weapon {unknown}
 q - 4 scrolls of identify {unknown}
Comestibles
 d - 7 rations


   Skills:
 + Level 2.5 Dodging
 - Level 1.5 Stealth
 + Level 3.0 Spellcasting
 + Level 2.4 Conjurations
 - Level 1.0 Summonings
 - Level 0.7 Translocations


You had 4 spell levels left.
You knew the following spells:

 Your Spells              Type           Power        Failure   Level  Hunger
a - Magic Dart            Conj           ####         1%          1    None
b - Call Imp              Summ           ###.....     1%          2    ##.....
c - Blink                 Tloc           N/A          1%          2    ##.....

Your spell library contained the following spells:

 Spells                   Type           Power        Failure   Level  Hunger
 Conjure Flame            Conj/Fire      ###.....     2%          3    ###....
 Slow                     Hex            ###.....     1%          2    ##.....
 Mephitic Cloud           Conj/Pois/Air  ###.....     2%          3    ###....


Dungeon Overview and Level Annotations

Branches:
Dungeon (3/15)

Altars:
Fedhas
Xom


Message History

You fly up into the air.
The hornet stings you but does no damage.
The hornet stings you.
You are poisoned.
You feel as though you will be slow longer.
The hornet stings you!
You are lethally poisoned!
You feel as though you will be slow longer.
It was a potion of brilliance.
You feel clever all of a sudden.
* * * LOW HITPOINT WARNING * * *
You feel very sick. The hornet misses you.
Your crimson imp closely misses the hornet.
The hornet misses you.
It was a potion of resistance.
You feel protected.
* * * LOW HITPOINT WARNING * * *
You feel sick. The hornet stings you!
You die...

#.# #.............# #. #.#
#.............# #. #.#
#####.............# #. #.#
#....)............# #. #.#
#....5.5..........#
#.####.###....#'############
######........'$.5.'...#
............###.y..#...#
.......)##### #.@..#...#
........# #....#...#
.......y......######...######
##...#..y.....# #........#
#...#........# #........# #..
#........# #........# #.
#........# ###......# #.
#........# #......#
#........# #......#


You could see a hornet and 3 friendly crimson imps.

Vanquished Creatures
  An ooze (D:1)
  An adder skeleton (D:2)
  A worm (D:2)
  4 dart slugs
  A leopard gecko (D:2)
  2 orcs (D:3)
  3 giant cockroaches
  5 goblins
  6 hobgoblins
  2 jackals (D:2)
  A quokka (D:2)
  2 bats
  4 kobolds
  4 rats
37 creatures vanquished.

Vanquished Creatures (collateral kills)
  3 adders
  3 worms (D:2)
  An orc (D:3)
  A goblin (D:3)
  A jackal (D:2)
  A quokka (D:2)
  A bat (D:2)
11 creatures vanquished.

Grand Total: 48 creatures vanquished

Notes
Turn   | Place    | Note
-------+----------+-------------------------------------------
     0 | D:1      | inmateoo the Hill Orc Wizard began the quest for the Orb.
     0 | D:1      | Reached XP level 1. HP: 14/14 MP: 3/3
    77 | D:1      | Reached XP level 2. HP: 5/20 MP: 0/5
   924 | D:1      | Learned a level 2 spell: Call Imp
   927 | D:1      | Learned a level 2 spell: Blink
   955 | D:2      | Reached XP level 3. HP: 20/26 MP: 0/7
  1951 | D:2      | Reached XP level 4. HP: 16/33 MP: 8/8
  2272 | D:2      | Reached skill level 3 in Spellcasting
  2894 | D:3      | Found a shimmering altar of Xom.
  2909 | D:3      | Found a blossoming altar of Fedhas.
  3107 | D:3      | Noticed a hornet
  3187 | D:3      | Mangled by a hornet

Vault maps used:
D:1:      moated_graveyard_arrival, serial_glass, glass_columns_b,
          glass_columns_a
D:2:      minmay_diamond_boxcup, roderic_roman_lattice
D:3:      fedhas_altar_3, xom_teletrap_fun

Skill      XL: |  1  2  3  4 |
---------------+-------------+-----
Dodging        | 2 |  2.5
Conjurations   | 2 |  2.4
Spellcasting   | 3 |  3.0
Stealth        | |  1.5
Summonings     | |  1.0
Translocations | |  0.7

Action                   |  1- 3 |  4- 6 || total
-------------------------+-------+-------++-------
Melee: Short sword       |   127 |       ||   127
       Mace              |     4 |       ||     4
       Whip              |       |    60 ||    60
 Cast: Magic Dart        |    29 |       ||    29
       Call Imp          |     9 |    12 ||    21
  Use: Potion            |       |     5 ||     5
 Stab: Sleeping          |     3 |     3 ||     6
  Eat: Chunk             |     4 |     3 ||     7
       Ration            |       |     1 ||     1
Armor: Robe              |    27 |    21 ||    48
Dodge: Dodged            |   121 |    50 ||   171

Table legend:
 A = Spawn XP
 B = Non-spawn XP
 C = Spawn XP percentage of total XP
 D = Spawn monster count
 E = Non-spawn monster count
 F = Spawn count percentage of total count
 G = Total turns spent on level
                    A         B        C        D         E        F      G
               +---------+---------+-------+---------+---------+-------+---------
         Total |       0 |     129 |   0.0 |       0 |      48 |   0.0 |  3187
               +---------+---------+-------+---------+---------+-------+---------
           D:1 |       0 |      29 |   0.0 |       0 |      11 |   0.0 |   690
           D:2 |       0 |      69 |   0.0 |       0 |      27 |   0.0 |  1862
           D:3 |       0 |      31 |   0.0 |       0 |      10 |   0.0 |   635
               +---------+---------+-------+---------+---------+-------+---------
